 Dungeon Crawl Stone Soup version 0.23.0 (webtiles) character file.

Game seed: 17525405148288434856

3509 farkougg the Basher (level 9, 0/75 HPs)
             Began as a Minotaur Berserker on Feb 12, 2019.
             Was an Elder of Trog.
             Succumbed to Erica's bolt of poison
             ... on level 8 of the Dungeon.
             The game lasted 00:30:52 (6832 turns).

farkougg the Basher (Minotaur Berserker)            Turns: 6832, Time: 00:30:52

Health: 0/75       AC: 13    Str: 27 (28) XL:     9   Next: 81%
Magic:  8/8        EV: 10    Int:  1 (4)  God:    Trog [****..]
Gold:   425        SH: 11    Dex:  9 (12) Spells: 8/8 levels left

rFire    + + +     SeeInvis .   u - +3 whip of Oruol {protect, rF+ Str+5} (curse)
rCold    . . .     Gourm    .   o - +0 shield (curse)
rNeg     . . .     Faith    .   x - +3 ring mail {rF+}
rPois    .         Spirit   .   l - +1 hat
rElec    .         Reflect  .   (no cloak)
rCorr    .         Harm     .   B - +1 pair of gloves
MR       +....                  (no boots)
Stlth    ..........             (no amulet)
HPRegen  0.22/turn              t - ring of protection from fire
MPRegen  0.11/turn              D - ring of protection from magic

@: lethally poisoned (0 -> -5), flying, very slightly contaminated, hasted, very
quick
A: retaliatory headbutt, horns 2
a: Berserk, Trog's Hand, Brothers in Arms, Renounce Religion


You were on level 8 of the Dungeon.
You worshipped Trog.
Trog was greatly pleased with you.
You were not hungry.

You visited 1 branch of the dungeon, and saw 8 of its levels.

You collected 425 gold pieces.

Inventory:

Hand Weapons
 a - a +0 hand axe
 u - the cursed +3 whip of Oruol (weapon) {protect, rF+ Str+5}
   (You found it on level 4 of the Dungeon)

   It protects the one who uses it against injury (+AC on strike).
   It affects your strength (+5).
   It protects you from fire.
   It has a curse placed upon it.
 y - a +4 dagger of venom
 A - a +0 whip of flaming
Missiles
 p - 5 javelins (quivered)
Armour
 l - a +1 hat (worn)
 o - a cursed +0 shield (worn)
 x - a +3 ring mail of fire resistance (worn)
 B - a +1 pair of gloves (worn)
Jewellery
 t - a ring of protection from fire (left hand)
 D - a ring of protection from magic (right hand)
 E - an uncursed amulet of the acrobat {unknown}
Scrolls
 b - a scroll of fog {unknown}
 d - 2 scrolls of enchant armour {unknown}
 e - 2 scrolls of blinking
 f - 4 scrolls of fear {unknown}
 g - 7 scrolls of remove curse {unknown}
 h - 6 scrolls of identify
 k - 2 scrolls of magic mapping {unknown}
 q - 3 scrolls of teleportation {unknown}
 s - 2 scrolls of enchant weapon {unknown}
 z - a scroll of amnesia {unknown}
 F - a scroll of noise {unknown}
 G - a scroll of summoning {unknown}
Potions
 i - 3 potions of ambrosia
 m - a potion of brilliance {unknown}
 n - a potion of resistance
 v - 3 potions of agility
 w - a potion of flight
Comestibles
 c - 9 rations
 H - 4 chunks of flesh


   Skills:
 - Level 6.0 Fighting
 - Level 7.4(9.8) Axes
 * Level 10.0(11.0) Maces & Flails
 + Level 8.5 Armour
 - Level 2.1 Dodging
 + Level 6.8 Shields


You had 8 spell levels left.
You didn't know any spells.
Your spell library was empty.

Dungeon Overview and Level Annotations

Branches:
Dungeon (8/15)             Temple (0/1) D:6
   Lair: D:8-11

Altars:
Ashenzari
Elyvilon
Hepliaklqana
Nemelex Xobeh
Sif Muna
Trog
Uskayaw
Yredelemnul

Annotations:
D:6 exclusion: 2 electric eels
D:8 Erica, Gastronok


Innate Abilities, Weirdness & Mutations

You reflexively headbutt those who attack you in melee.
You have a pair of horns on your head.


Message History

* * * LOW HITPOINT WARNING * * *
Gastronok makes a strange noise.
Gastronok looks at you and mumbles some strange words.
You resist with significant effort.
You hear a bellow!
* * * LOW HITPOINT WARNING * * *
You feel sick.
Blink to where?
Press: ? - help, Dir - move target cursor You are very lightly contaminated with residual magic.
As you read the scroll of blinking, it crumbles to dust.
* * * LOW HITPOINT WARNING * * *
You feel sick.
It was a potion of haste.
You feel yourself speed up.
* * * LOW HITPOINT WARNING * * *
You feel sick.
It was a potion of degeneration.
There was something very wrong with that liquid.
You feel weakened.
You feel dopey.
You feel clumsy.
You die...

......#########
##.......# ..#####
#...## #.......# ..#
##...)## ##......# ..#
#......## #......# ..#
#.......## ###.....#
.## ##........#
##.......# .#
#.........###...#....#
.#
#.........#....###...#
.# #.......@....###
#### .# #..........###
.## #........### ..#
#.......## #.##
###...### #..#
###.).##
##.#####...###
#..#....ยง##
##.........##


There were no monsters in sight!

Vanquished Creatures
  A two-headed ogre (D:8)
  Pikel (D:6)
  Grinder (D:5)
  2 hungry ghosts
  Duvessa (D:5)
  An orc warrior (D:6)
  A black bear (D:7)
  2 phantoms
  An ogre (D:4)
  A big kobold (D:8)
  Blork the orc (D:5)
  3 bullfrogs
  Dowan (D:5)
  A scorpion (D:6)
  A howler monkey (D:5)
  A crimson imp (D:6)
  2 hounds (D:7)
  3 orc priests
  2 centaur skeletons
  2 iguanas
  8 orc wizards
  3 worker ants
  2 hound skeletons
  10 adders
  7 gnolls
  A shadow imp (D:6)
  2 oozes
  4 worms (D:3)
  3 dart slugs
  9 leopard geckos
  29 orcs
  8 bats
  7 giant cockroaches
  3 goblins
  7 hobgoblins
  12 kobolds
  2 quokkas
  A ball python (D:6)
  A ball python zombie (D:5)
  6 frilled lizards
  A jackal skeleton (D:8)
  A quokka skeleton (D:8)
  2 quokka zombies
  9 rats
167 creatures vanquished.

Vanquished Creatures (others)
  A quokka (D:8)
  3 fungi (D:3)
  A plant (D:3)
5 creatures vanquished.

Grand Total: 172 creatures vanquished

Notes
Turn   | Place    | Note
-------+----------+-------------------------------------------
     0 | D:1      | farkougg the Minotaur Berserker began the quest for the
                  | Orb.
     0 | D:1      | Reached XP level 1. HP: 19/19 MP: 0/0
   317 | D:1      | Reached XP level 2. HP: 27/27 MP: 1/1
  1398 | D:2      | Reached XP level 3. HP: 24/33 MP: 2/2
  1681 | D:2      | Found a deep blue altar of Sif Muna.
  1683 | D:2      | Found a hazy altar of Hepliaklqana.
  1919 | D:2      | Found a sparkling altar of Nemelex Xobeh.
  1925 | D:2      | Reached skill level 5 in Axes
  1969 | D:2      | Reached XP level 4. HP: 25/41 MP: 3/3
  2125 | D:2      | Reached ** piety under Trog
  2522 | D:3      | Reached XP level 5. HP: 47/47 MP: 4/4
  2829 | D:3      | Reached skill level 5 in Fighting
  3009 | D:3      | Found a basalt altar of Yredelemnul.
  3070 | D:3      | Found a white marble altar of Elyvilon.
  3315 | D:3      | Found a shattered altar of Ashenzari.
  3323 | D:3      | Saw a vision of the Swamp and the Snake Pit.
  3323 | D:3      | Noticed a naga mage
  3323 | D:3      | Noticed an anaconda
  3323 | D:3      | Noticed a water moccasin
  3323 | D:3      | Noticed a black mamba
  3323 | D:3      | Noticed a black mamba
  3323 | D:3      | Noticed a water moccasin
  3323 | D:3      | Noticed a water moccasin
  3323 | D:3      | Noticed a black mamba
  3323 | D:3      | Noticed a naga
  3323 | D:3      | Noticed a black mamba
  3323 | D:3      | Noticed an alligator
  3323 | D:3      | Noticed an alligator
  3323 | D:3      | Noticed a black mamba
  3323 | D:3      | Noticed a salamander
  3324 | D:3      | Noticed a naga
  3593 | D:4      | Reached XP level 6. HP: 54/56 MP: 5/5
  3613 | D:4      | Reached *** piety under Trog
  3858 | D:4      | Got an ichor-stained whip
  3860 | D:4      | Identified the cursed +3 whip of Oruol {protect, rF+ Str+5}
                  | (You found it on level 4 of the Dungeon)
  4116 | D:4      | Found a hide-covered altar of Uskayaw.
  4393 | D:4      | Reached XP level 7. HP: 56/62 MP: 6/6
  4397 | D:4      | Reached skill level 1 in Maces & Flails
  4569 | D:5      | Entered Level 5 of the Dungeon
  4632 | D:5      | Reached skill level 2 in Maces & Flails
  4643 | D:5      | Noticed Duvessa
  4643 | D:5      | Noticed Dowan
  4662 | D:5      | Killed Duvessa
  4662 | D:5      | Reached skill level 3 in Maces & Flails
  4662 | D:5      | Reached skill level 5 in Armour
  4662 | D:5      | Reached skill level 1 in Shields
  4667 | D:5      | Killed Dowan
  4846 | D:5      | Reached skill level 4 in Maces & Flails
  4954 | D:5      | Noticed Grinder
  4963 | D:5      | Paralysed by Grinder for 3 turns
  4969 | D:5      | Killed Grinder
  4969 | D:5      | Reached skill level 5 in Maces & Flails
  4969 | D:5      | Reached XP level 8. HP: 57/70 MP: 7/7
  4973 | D:5      | Noticed Blork the orc
  4979 | D:5      | Killed Blork the orc
  5135 | D:5      | Reached **** piety under Trog
  5433 | D:6      | Reached skill level 6 in Maces & Flails
  5677 | D:6      | Found a staircase to the Ecumenical Temple.
  5691 | D:6      | Noticed Pikel
  5711 | D:6      | Killed Pikel
  5711 | D:6      | Reached skill level 7 in Maces & Flails
  5837 | D:6      | Reached XP level 9. HP: 75/75 MP: 8/8
  6015 | D:7      | Reached skill level 5 in Shields
  6028 | D:7      | Reached skill level 8 in Maces & Flails
  6058 | D:7      | Found a bloodstained altar of Trog.
  6407 | D:8      | Noticed a two-headed ogre
  6575 | D:8      | Reached skill level 9 in Maces & Flails
  6767 | D:8      | Killed a two-headed ogre
  6767 | D:8      | Reached skill level 10 in Maces & Flails
  6821 | D:8      | Noticed Gastronok
  6822 | D:8      | Noticed Erica
  6829 | D:8      | HP: 3/75 [poisoned by Erica (bolt of poison)]
  6831 | D:8      | HP: 1/75 [poisoned by Erica (bolt of poison)]
  6832 | D:8      | Succumbed to Erica's bolt of poison

Skill      XL: |  1  2  3  4  5  6  7  8  9 |
---------------+----------------------------+-----
Axes           | 4 5 6 7 |  7.4
Fighting       | 4 5 6 |  6.0
Armour         | 3 4 5 7 8 |  8.5
Maces & Flails | 5 7 10 | 10.0
Shields        | 2 4 6 |  6.8
Dodging        | |  2.1

Action                   |  1- 3 |  4- 6 |  7- 9 || total
-------------------------+-------+-------+-------++-------
Melee: Hand axe          |    90 |   170 |       ||   260
       Headbutt          |     7 |    34 |    74 ||   115
       Whip              |       |     8 |   271 ||   279
Throw: Javelin           |       |     1 |     6 ||     7
Invok: Berserk           |       |       |     2 ||     2
  Use: Potion            |     4 |     1 |     4 ||     9
       Scroll            |       |     2 |     1 ||     3
  Eat: Chunk             |     3 |     5 |     9 ||    17
       Ration            |       |     1 |     1 ||     2
Armor: Animal skin       |    14 |       |       ||    14
       Scale mail        |    17 |    56 |       ||    73
       Ring mail         |       |     2 |    70 ||    72
Dodge: Dodged            |    58 |    61 |    58 ||   177
Block: Shield            |       |       |    79 ||    79
